 Dungeon Crawl Stone Soup version 0.27.1-33-g824d729ab1 (webtiles) character file.

Game seed: 16262096021620373438

16 zeram the Sneak (level 2, -2/14 HPs)
             Began as a Spriggan Brigand on Dec 13, 2021.
             Slain by a goblin (5 damage)
             ... led by Robin
             ... on level 2 of the Dungeon.
             The game lasted 00:01:47 (1036 turns).

zeram the Sneak (Spriggan Brigand)                  Turns: 1036, Time: 00:01:48

Health: -2/14      AC:  3    Str:  7    XL:     2   Next: 41%
Magic:  3/3        EV: 16    Int: 12    God:
Gold:   77         SH:  0    Dex: 16    Spells: 1/1 levels left

rFire    . . .     SeeInvis +   a - +2 dagger
rCold    . . .     Faith    .   (shield restricted)
rNeg     . . .     Spirit   .   b - +0 robe
rPois    .         Reflect  .   (helmet restricted)
rElec    .         Harm     .   c - +0 cloak
rCorr    .         Rampage  .   (gloves unavailable)
Will     .....                  (boots unavailable)
Stlth    ++++......             (no amulet)
HPRegen  0.04/turn              (no ring)
MPRegen  0.08/turn              (no ring)

@: very quick
A: very small, no large weapons, unfitting armour, see invisible, speed 3
a: no special abilities


You were on level 2 of the Dungeon.
You visited 1 branch of the dungeon, and saw 2 of its levels.

You collected 77 gold pieces.

Inventory:

Hand Weapons
 a - a +2 dagger (weapon)
Missiles
 d - 8 poisoned darts (quivered)
 e - 2 curare-tipped darts
Armour
 b - a +0 robe (worn)
 c - a +0 cloak (worn)
Potions
 f - a potion of brilliance


   Skills:
 - Level 1.5 Fighting
 - Level 2.1 Short Blades
 - Level 2.0 Throwing
 + Level 1.4 Dodging
 + Level 7.0 Stealth


You had one spell level left.
You didn't know any spells.
Your spell library contained the following spells:

 Spells                   Type           Power      Damage    Failure   Level
 Corona                   Hex            0%         N/A       32%         1
 Ensorcelled Hibernation  Hex/Ice        0%         N/A       45%         2
 Tukima's Dance           Hex            0%         N/A       69%         3


Dungeon Overview and Level Annotations

Branches:
Dungeon (2/15)

Altars:

Shops:
D:1 ==:(

Annotations:
D:2 Robin


Innate Abilities, Weirdness & Mutations

You are very small and have problems with some larger weapons.
You are too small for most types of armour.
You have supernaturally acute eyesight. (SInv)
You cover ground extremely quickly. (Speed+++)


Message History

A hobgoblin comes into view.
A goblin comes into view. It is wielding a +0 club.
The hobgoblin shouts!
Robin shouts!
The goblin shouts!
A goblin comes into view. It is wielding a +0 dagger.
A hobgoblin comes into view.
Robin roars a battlecry!
The goblins go into a battle-frenzy!
A goblin comes into view. It is wielding a +0 dagger.
The hobgoblin shouts!
The goblin shouts!
You hear a shout!
The goblin shouts!
A goblin comes into view. It is wielding a +0 club.
Found a stone staircase leading down.
The goblin shouts!
A goblin comes into view. It is wielding a +0 club.
Robin throws the goblin at you!
As you read the scroll labelled BAEZUYNTAT, it crumbles to dust.
It is a scroll of amnesia.
You feel forgetful for a moment. The goblin hits you with a +0 dagger.
The hobgoblin hits you. Robin throws the goblin at you!
The goblin barely misses you.
As you read the scroll labelled VUWENO GEHEIT GUS, it crumbles to dust.
It is a scroll of identify.
f - a potion of brilliance The goblin closely misses you.
The hobgoblin barely misses you. The goblin closely misses you.
Okay, then.
You barely miss the goblin. The goblin closely misses you.
A goblin comes into view. It is wielding a +0 dagger.
The goblin barely misses you.
You hit the goblin.
You kill the goblin!
The hobgoblin misses you.
Robin says, "Bow before me, strongest of all the hobgoblins!"
Your Stealth skill increases to level 7!
The goblin barely misses you.
Things that are here:
a +0 dagger; 10 gold pieces Robin throws the goblin at you!
* * * LOW HITPOINT WARNING * * *
The goblin hits you with a +0 club.
You die...

..######.##########
.......†....†......
.......<.#####.####
l..............#
#########.####.#
#..# ##†## #g.#
##@# #g## #g.# ##g#
... g...# ....#
....# ..>..


You could see Robin, a hobgoblin (strong) and 3 goblins.

Vanquished Creatures
  3 ball pythons (D:1)
  A bat (D:1)
  2 giant cockroaches
  2 goblins
  3 hobgoblins
  A kobold (D:1)
  A frilled lizard (D:2)
  2 rats (D:1)
15 creatures vanquished.

Notes
Turn   | Place    | Note
-------+----------+-------------------------------------------
     0 | D:1      | zeram the Spriggan Brigand began the quest for the Orb.
     0 | D:1      | Reached XP level 1. HP: 10/10 MP: 2/2
    51 | D:1      | Reached skill level 6 in Stealth
    76 | D:1      | Found Etoath's Jewellery Shop.
   154 | D:1      | Found Cysov's Book Shop.
   168 | D:1      | Found Gukathru's Jewellery Emporium.
   236 | D:1      | Reached XP level 2. HP: 12/14 MP: 3/3
   334 | D:1      | Found Jufois's Antique Weapon Shop.
   474 | D:1      | Found a faded altar of an unknown god.
  1026 | D:2      | Noticed Robin
  1035 | D:2      | Reached skill level 7 in Stealth
  1036 | D:2      | Slain by a goblin

Illustrated notes

Levels and vault maps discovered:
D:1:      lightli_arrival_windingriver, layout_basic,
          ebering_ecumenical_altar_mist, serial_shops, shop, shop_coins, shop,
          shop
D:2:      layout_basic, serial_shops, shop, nicolae_shop_statue_plus, uniq_robin

Skill      XL: |  1  2 |
---------------+-------+-----
Stealth        | 6 7 |  7.0
Fighting       | |  1.5
Short Blades   | |  2.1
Throwing       | |  2.0
Dodging        | |  1.4

Action                   || total
-------------------------++-------
Melee: Dagger            ||    35
  Use: Scroll            ||     2
 Stab: Sleeping          ||     5
Armor: Robe              ||     7
Dodge: Dodged            ||    23
